 Dungeon Crawl Stone Soup version 0.21-a0-94-gdd6ab6a (webtiles) character file.

350 vev the Charlatan (level 6, -7/50 (51) HPs)
             Began as a Ghoul Artificer on July 1, 2017.
             Killed themself with a badly aimed fireball (14 damage)
             ... on level 6 of the Dungeon.
             The game lasted 00:16:42 (1501 turns).

vev the Charlatan (Ghoul Artificer)                 Turns: 1501, Time: 00:16:43

HP:   -7/50 (51)    AC: 11    Str: 16 (17) XL:     6   Next: 61%
MP:   8/8           EV: 10    Int: 13 (14) God:
Gold: 21            SH:  0    Dex:  5      Spells: 5/5 levels left

rFire    . . .     SeeInvis .   g - +0 great sword of Ceociesa {flame, rElec rPois Int+4 Dex-5} (curse)
rCold    + + +     Gourm    .   (shield currently unavailable)
rNeg     + + +     Faith    .   q - +4 ring mail "Jexorym" {rElec rC++ Int+4 Stlth-}
rPois    ∞         Spirit   .   (no helmet)
rElec    +         Reflect  .   (no cloak)
rCorr    .         Harm     .   l - +0 pair of gloves
MR       .....                  u - +0 pair of boots (curse)
Stlth    ..........             (no amulet)
HPRegen  0.00/turn              p - ring of flight
MPRegen  0.11/turn              (no ring)

@: rotting
A: rotting body, claws 1, carnivore 3, cold resistance 1, negative energy
resistance 3, inhibited regeneration, torment resistance, unbreathing
a: Evoke Flight


You were on level 6 of the Dungeon.
You were not hungry.

You visited 1 branch of the dungeon, and saw 6 of its levels.

You collected 91 gold pieces.
You spent 70 gold pieces at shops.

Inventory:

Hand Weapons
 a - a +0 short sword
 g - the cursed +0 great sword of Ceociesa (weapon) {flame, rElec rPois Int+4 Dex-5}
   (You found it on level 6 of the Dungeon)

   It has been specially enchanted to burn those struck by it, causing extra
   injury to most foes and up to half again as much damage against particularly
   susceptible opponents.
   Big, fiery blades are also staple armaments of hydra-hunters.
   It affects your intelligence (+4).
   It affects your dexterity (-5).
   It insulates you from electricity.
   It protects you from poison.
   It has a curse placed upon it.
 k - a +0 morningstar
 m - a +0 war axe
 r - a +0 hand axe
Missiles
 i - 2 javelins (quivered)
 x - 4 silver tomahawks
Armour
 b - a +0 leather armour
 l - a +0 pair of gloves (worn)
 q - the +4 ring mail "Jexorym" (worn) {rElec rC++ Int+4 Stlth-}
   (You found it on level 6 of the Dungeon)

   It affects your intelligence (+4).
   It greatly protects you from cold.
   It insulates you from electricity.
   It makes you less stealthy.
 u - a cursed +0 pair of boots (worn)
Jewellery
 p - a ring of flight (left hand)
Wands
 c - a wand of flame (10/48)
 d - a wand of enslavement (15/24)
 e - a wand of random effects (8/48)
 n - a wand of random effects (31/48)
 w - a wand of random effects (43/48)
Scrolls
 h - 2 scrolls of blinking
 j - 3 scrolls of identify
 o - a scroll of fog
 t - a scroll of magic mapping
 v - 2 scrolls of teleportation {unknown}
Comestibles
 f - a meat ration


   Skills:
 + Level 3.5 Fighting
 - Level 0.8 Short Blades
 * Level 2.5 Axes
 * Level 0.5 Armour
 - Level 1.7 Dodging
 - Level 3.5 Stealth
 + Level 4.1 Evocations


You had 5 spell levels left.
You didn't know any spells.

Dungeon Overview and Level Annotations

Branches:
Dungeon (6/15)
 Temple: D:4-7

Altars:
Dithmenos
Sif Muna
Uskayaw
Wu Jian
Xom

Shops:
D:6 *


Innate Abilities, Weirdness & Mutations

Your body is rotting away.
You thrive on raw meat.
You are immune to poison.
You have sharp fingernails.
You are carnivorous and can eat meat at any time.
Your flesh is cold resistant. (rC+)
You are immune to negative energy. (rN+++)
You do not regenerate when monsters are visible.
You are immune to unholy pain and torment.
You can survive without breathing.


Message History

You feel less confused.
You closely miss something. Something hits you but does no damage.
Something hits you.
* * * LOW HITPOINT WARNING * * *
Your magical contamination has completely faded away.
Unknown command.
You miss something. Something hits you.
* * * LOW HITPOINT WARNING * * *
Unknown command.
You miss something.
You hear some strange, mumbled words.
Something tries to affect you, but you resist.
Something hits you but does no damage.
Unknown command.
Evoke which item? (* to show all) (? for menu, Esc to quit)
Aiming: Random Effects
Press: ? - help, Shift-Dir - straight line The fireball explodes!
The fireball engulfs something.
The fireball engulfs you!
You die...

#.............#..+§§....####
##............####......# ##
#............# #......# #.
.#.##..[.........####......#####.
.......#'#......###..............
.#.##.##.#.................######
# #######......PP........#
#####.P∩P........# #.@PP........#
#..{....###### ###)#...#
#######)#...# #.........###
#.........# #.........#
#..####.##.. #. #.# .##


There were no monsters in sight!

Vanquished Creatures
  An ogre (D:5)
  Blork the orc (D:5)
  An orc priest (D:6)
  A worker ant (D:6)
  A killer bee zombie (D:6)
  6 adders
  A shadow imp (D:3)
  2 oozes
  2 worms
  2 dart slugs (D:2)
  2 leopard geckos (D:2)
  6 orcs
  A giant cockroach (D:2)
  4 goblins
  A hobgoblin (D:3)
  A quokka (D:3)
  2 ball pythons
  2 bats (D:2)
  3 frilled lizards
  6 kobolds
  3 rats
49 creatures vanquished.

Notes
Turn   | Place    | Note
-------+----------+-------------------------------------------
     0 | D:1      | vev the Ghoul Artificer began the quest for the Orb.
     0 | D:1      | Reached XP level 1. HP: 16/16 MP: 1/1
    19 | D:2      | Reached XP level 2. HP: 23/23 MP: 3/3
   124 | D:3      | Reached skill level 2 in Stealth
   181 | D:2      | Found an ornate altar of the Wu Jian Council.
   181 | D:2      | Found a shadowy altar of Dithmenos.
   181 | D:2      | Found a deep blue altar of Sif Muna.
   181 | D:2      | Found a hide-covered altar of Uskayaw.
   235 | D:2      | Reached skill level 3 in Evocations
   284 | D:2      | Found a shimmering altar of Xom.
   459 | D:3      | Reached XP level 3. HP: 27/27 MP: 4/4
   560 | D:2      | Reached skill level 2 in Fighting
   587 | D:2      | Reached XP level 4. HP: 27/36 MP: 5/5
  1142 | D:3      | Reached skill level 1 in Axes
  1155 | D:3      | Reached XP level 5. HP: 20/42 MP: 6/6
  1232 | D:5      | Entered Level 5 of the Dungeon
  1252 | D:5      | Noticed Blork the orc
  1268 | D:5      | Killed Blork the orc
  1268 | D:5      | Reached skill level 3 in Stealth
  1275 | D:5      | Noticed an ogre
  1276 | D:5      | Killed an ogre
  1276 | D:5      | Reached skill level 3 in Fighting
  1276 | D:5      | Reached skill level 2 in Axes
  1276 | D:5      | Reached skill level 4 in Evocations
  1276 | D:5      | Reached XP level 6. HP: 9/51 MP: 6/8
  1362 | D:6      | Got a scorched ring mail
  1373 | D:6      | Identified the +4 ring mail "Jexorym" {rElec rC++ Int+4 Stlth-} (You found it on level 6 of the Dungeon)
  1383 | D:6      | Found Qujisty's Assorted Antiques.
  1449 | D:6      | Got a faintly glowing great sword
  1450 | D:6      | Identified the cursed +0 great sword of Ceociesa {flame, rElec rPois Int+4 Dex-5} (You found it on level 6 of the Dungeon)
  1464 | D:6      | Bought a scroll labeled REIPRE QOMNYSK for 35 gold pieces
  1464 | D:6      | Bought a scroll labeled REIPRE QOMNYSK for 35 gold pieces
  1501 | D:6      | Killed themself with a badly aimed fireball

Vault maps used:
D:1:      lemuel_arrival_broad_hall, serial_bayou_pond_a
D:2:      xom_butterflies, grunt_temple_overflow_open
D:4:      fiery_altar_vehumet, kennysheep_boxes
D:5:      zin_statuary, first_bread, hangedman_decor_diamond_cutter,
          kennysheep_generic_room_2, uniq_blork_the_orc
D:6:      lemuel_zombie_altar_yredelemnul, minmay_temple_entry_butterflies,
          serial_shops, nicolae_shop_overgrown_old_shop,
          kennysheep_pointless_box, uniq_crazy_yiuf_cottage, uniq_grinder

Skill      XL: |  1  2  3  4  5 |
---------------+----------------+-----
Stealth        | 2 3 |  3.5
Evocations     | 3 4 |  4.1
Fighting       | 2 3 |  3.5
Axes           | 1 2 |  2.5
Short Blades   | |  0.8
Armour         | |  0.5
Dodging        | |  1.7

Action                   |  1- 3 |  4- 6 || total
-------------------------+-------+-------++-------
Melee: Short sword       |    66 |    39 ||   105
       Hand axe          |       |   118 ||   118
       Great sword       |       |    15 ||    15
Throw: Javelin           |       |     5 ||     5
Evoke: Wand              |     4 |     8 ||    12
  Use: Potion            |       |     5 ||     5
       Scroll            |       |     3 ||     3
 Stab: Sleeping          |     1 |     1 ||     2
       Confused          |       |     3 ||     3
  Eat: Chunk             |     4 |    14 ||    18
Armor: Leather armour    |    15 |    41 ||    56
       Ring mail         |       |    14 ||    14
Dodge: Dodged            |    41 |   109 ||   150
       Rpst.: Great sword |       |     3 ||     3
